Map: Autômato LE

Players

Vicster - Winner!

  • Race: Terran Terran
  • League: Gold
  • Spawn Location: 9:00

VOD

Have the link to the VOD?

Description

Time

  • Played on: Jan. 6, 2019, 3:23 p.m.
  • Length: 23:50
Show
View Real Time Build Order
Export as new Build Order

Vicster Terran - Winner!

Build Orders:  

Get SALT Encoding   

  12  0:01  SCV  
  13  0:18  SCV  
  14  0:27  Supply Depot  
  14  0:34  SCV  
  15  0:57  SCV  
  16  1:03  Barracks  
  16  1:14  SCV  
  16  1:17  Refinery  
  17  1:31  SCV  
  18  1:48  SCV  
  19  2:08  Orbital Command  
  19  2:11  Marine  
  20  2:28  Command Center  
  20  2:46  SCV  
  21  2:57  Factory  
  21  2:59  Barracks Tech Lab  
  21  3:06  Refinery  
  21  3:07  SCV  
  22  3:24  SCV  
  23  3:30  Supply Depot  
  25  4:00  SCV  
  23  4:09  Bunker  
  23  4:10  Orbital Command  
  23  4:16  SCV  
  24  4:33  SCV  
  24  4:38  Command Center  
  25  4:50  SCV  
  25  4:55  Supply Depot  
  26  5:08  Siege Tank  
  29  5:12  SCV  
  29  5:17  SCV  
  31  5:29  SCV  
  32  5:36  Supply Depot  
  32  5:39  SCV  
  33  5:46  SCV  
  34  5:56  SCV  
  35  6:04  SCV  
  35  6:06  Factory  
  35  6:08  Factory  
  36  6:13  SCV  
  36  6:18  Orbital Command  
  37  6:21  SCV  
  37  6:23  Siege Tank  
  37  6:24  Engineering Bay  
  41  6:44  SCV  
  41  6:45  Refinery x2  
  41  6:47  SCV  
  43  6:54  SCV  
  44  7:01  SCV  
  44  7:04  Missile Turret, SCV  
  44  7:06  Missile Turret  
  46  7:11  SCV  
  46  7:15  Factory Reactor  
  46  7:16  Factory Reactor  
  47  7:21  SCV  
  48  7:30  SCV  
  48  7:31  SCV  
  48  7:38  SCV  
  48  7:39  Siege Tank  
  54  7:47  SCV  
  54  7:48  SCV  
  54  7:49  Armory  
  56  7:55  Armory, SCV  
  57  8:06  Supply Depot  
  57  8:07  Hellion x2  
  61  8:12  SCV x2  
  61  8:15  Siege Tank  
  63  8:24  Siege Tank  
  66  8:41  Command Center  
  66  8:44  Supply Depot, Hellion x2  
  66  8:45  Hellion  
  72  9:17  Hellion x2  
  72  9:18  SCV  
  72  9:19  SCV  
  78  9:21  Terran Vehicle Weapons Level 1, Terran Vehicle And Ship Armor Level 1  
  78  9:26  Factory  
  78  9:28  Factory  
  78  9:35  SCV  
  78  9:36  SCV  
  80  9:44  Hellion  
  80  9:47  Hellion  
  80  9:49  Thor  
  90  9:52  SCV  
  90  9:53  SCV  
  92  10:05  Orbital Command  
  92  10:21  Hellion x4  
  92  10:28  Missile Turret  
  100  10:40  Factory Tech Lab  
  100  10:44  Factory Tech Lab  
  100  10:49  Factory, Thor  
  106  10:54  Factory  
  106  10:57  Missile Turret  
  106  11:05  SCV x2  
  108  11:20  Orbital Command  
  108  11:30  Missile Turret  
  108  11:43  Siege Tank x2  
  108  11:44  Refinery x2  
  108  11:52  Supply Depot x2  
  108  11:54  Supply Depot  
  108  11:55  Supply Depot  
  108  11:57  Supply Depot  
  108  12:22  SCV x3  
  111  12:39  SCV  
  112  12:52  SCV  
  112  12:53  SCV  
  112  12:54  Terran Vehicle Weapons Level 2, Terran Vehicle And Ship Armor Level 2  
  112  12:56  SCV  
  115  13:09  SCV x2  
  116  13:13  Factory Tech Lab, SCV  
  116  13:14  Factory Tech Lab  
  118  13:20  Factory  
  118  13:24  Factory  
  118  13:29  SCV  
  118  13:36  Orbital Command  
  118  13:37  Command Center  
  119  13:49  Command Center  
  119  13:50  Command Center  
  119  13:52  Hellion x2  
  119  13:53  Hellion x4  
  131  14:58  Factory Tech Lab  
  131  14:59  Factory Tech Lab  
  131  15:54  Hellion  
  131  15:55  Hellion x9  
  151  16:00  Orbital Command  
  151  16:07  Terran Vehicle Weapons Level 3  
  151  16:10  Terran Vehicle And Ship Armor Level 3  
  151  16:17  Orbital Command  
  151  16:19  Orbital Command  
  151  16:24  Hellion  
  151  16:25  Thor x3, Hellion x6  
  183  16:55  Thor  
  183  16:58  Orbital Command  
  189  17:03  SCV  
  189  17:04  SCV x3  
  193  17:32  Refinery  
  193  17:35  Refinery  
  193  17:45  Siege Tank x2  
  193  17:49  Siege Tank x2, Supply Depot x2  
  193  17:53  Supply Depot  
  193  18:19  SCV x3, Hellion x2  
  200  18:24  Supply Depot  
  200  19:09  Hellion  
  200  19:10  Hellion  
  200  19:13  Hellion  
  200  19:15  Hellion  
  200  19:16  Hellion  
  200  19:17  Hellion  
  200  19:19  Thor  
  200  19:21  Thor  
  200  19:22  Refinery  
  200  19:25  Refinery  
  178  19:39  Hellion  
  159  19:40  Command Center, Hellion  
  159  19:43  Refinery  
  159  19:45  Hellion  
  159  19:46  Hellion  
  159  19:47  Refinery, Hellion  
  133  20:09  Thor  
  136  20:11  Thor  
  136  20:16  Thor  
  136  20:17  Thor  
  136  20:19  Thor  
  160  20:21  Hellion  
  162  20:32  Orbital Command  
  156  20:51  Thor  
  162  21:09  Thor  
  168  21:29  Thor x4  
  190  21:32  Hellion x4  
  190  21:38  Orbital Command  
  196  22:02  Hellion x2  
  198  22:14  Command Center  
  196  22:37  Command Center  
  194  22:41  Refinery  
  194  22:48  Refinery  
Tags
 
League
Gold
Matchup
Co-op
Replay Pack
Vicster replay
Add a new tag
Caveats
  • Supply blocks, unpowered buildings, or Contaminate may cause inaccurate times.
  • Supply counts are checked every 10 seconds.